 Dungeon Crawl Stone Soup version 0.28.0-53-g5a82cb258f (webtiles) character file.

Game seed: 12664523406898661032

244 jiml777 the Magician (level 5, -2/28 HPs)
             Began as a Deep Elf Air Elementalist on June 15, 2022.
             Killed from afar by Sigmund (4 damage)
             ... with a puff of flame
             ... on level 3 of the Dungeon.
             The game lasted 00:18:08 (3570 turns).

jiml777 the Magician (Deep Elf Air Elementalist)    Turns: 3570, Time: 00:18:09

Health: -2/28      AC:  7    Str:  4 (5)  XL:     5   Next: 83%
Magic:  13/14      EV: 13    Int: 20 (22) God:
Gold:   129        SH:  0    Dex: 13 (15) Spells: 12/13 levels left

rFire   . . .      SeeInvis .   g - +1 whip (venom)
rCold   . . .      Faith    .   (no shield)
rNeg    . . .      Spirit   .   a - +0 robe
rPois   .          Reflect  .   h - +0 helmet
rElec   .          Harm     .   (no cloak)
rCorr   .          Rampage  .   (no gloves)
Will    .....                   (no boots)
Stlth   ++........              (no amulet)
HPRegen 0.09/turn               k - +4 ring of protection
MPRegen 0.14/turn               (no ring)

@: mighty, invisible
A: no striking features
a: no special abilities


You were on level 3 of the Dungeon.
You visited 1 branch of the dungeon, and saw 3 of its levels.

You collected 129 gold pieces.

Inventory:

Hand Weapons
 b - a +0 dagger
 g - a +1 whip of venom (weapon)
 j - a +0 dagger of venom
 l - a +0 hunting sling
Missiles
 c - 106 stones
 d - 8 poisoned darts
 f - 42 bolts
 i - 43 sling bullets
Armour
 a - a +0 robe (worn)
 h - a +0 helmet (worn)
Jewellery
 k - a +4 ring of protection (left hand)
 m - a ring of protection from cold
Scrolls
 n - 2 scrolls of teleportation
Potions
 e - a potion of flight
 p - a potion of might


   Skills:
 + Level 0.3 Fighting
 + Level 0.8 Short Blades
 + Level 3.1 Dodging
 + Level 3.4 Stealth
 + Level 4.9 Spellcasting
 + Level 3.0 Conjurations
 + Level 4.2 Air Magic


You had 12 spell levels left.
You knew the following spells:

 Your Spells              Type           Power      Damage    Failure   Level
a - Shock                 Conj/Air       76%        1d7       2%          1

Your spell library contained the following spells:

 Spells                   Type           Power      Damage    Failure   Level
 Static Discharge         Conj/Air       19%        N/A       4%          2
 Swiftness                Air            21%        N/A       6%          3
 Sublimation of Blood     Necr           4%         N/A       19%         2
 Wereblood                Tmut           4%         N/A       19%         2
 Airstrike                Air            10%        N/A       21%         4
 Summon Hydra             Summ           2%         N/A       100%        7


Dungeon Overview and Level Annotations

Branches:
Dungeon (3/15)

Altars:
Xom

Annotations:
D:3 Sigmund


Message History

The zap hits the hobgoblin!
You kill the hobgoblin!
The zap hits Sigmund!
Sigmund is moderately wounded.
Sigmund casts a spell at you. The magic dart hits you!
Sigmund is suddenly surrounded by pale red light.
Sigmund gestures at you while chanting. The magic dart hits you.
You see here a bat corpse.
Casting: Shock (safe; 2% risk of failure)
Confirm with . or Enter, or press ? or * to list all spells.
Aiming: Shock (safe; 2% risk of failure)
Press: ? - help, Shift-Dir - straight line, f/p - Sigmund
Aim: Sigmund, wielding a +0 scythe and wearing a +0 robe of fire resistance (moderately wounded, 71% to hit)
The zap hits Sigmund.
Sigmund is moderately wounded.
Sigmund points at you and mumbles some strange words.
The magic dart hits you!
* * * LOW HITPOINT WARNING * * *
It was a potion of might.
You feel very mighty all of a sudden.
It was a potion of degeneration.
There was something very wrong with that liquid.
You feel weakened.
You feel dopey.
You feel clumsy.
Sigmund points at you and mumbles some strange words.
You are confused.
You start resting.
Sigmund is nearby!
You're too confused to cast spells.
Sorry, you're not good enough to have a special ability.
You whack Sigmund!
Sigmund is poisoned.
Sigmund is severely wounded.
Sigmund points at you and mumbles some strange words.
The magic dart hits you.
* * * LOW HITPOINT WARNING * * *
You fade into invisibility!
You feel less confused. Sigmund gestures at you while chanting.
The puff of flame hits you.
You die...

............# ..†.........#
........@...# ............#
......<..†..# #####
............####### ##....
..........#.......#####..##.
##.#.#######@......##...###.
# #. #@........#.### #. .
#.........#.# ## .
#...........##### ..
#.........).....##
#.........#####...
##.......### #...
#......)...####.##
....................
##..........###...##


You could see Sigmund (very poisoned).

Vanquished Creatures
  An orc priest (D:3)
  Natasha (D:3)
  2 orc wizards (D:3)
  4 gnolls (D:2)
  2 adders
  8 orcs (D:3)
  7 endoplasms
  A giant cockroach (D:2)
  7 goblins
  4 hobgoblins
  3 quokkas (D:1)
  8 ball pythons
  10 bats
  5 frilled lizards
  10 kobolds
  3 rats
76 creatures vanquished.

Vanquished Creatures (others)
  5 demonic plants (D:2)
  2 fungi (D:2)
  4 plants (D:2)
11 creatures vanquished.

Grand Total: 87 creatures vanquished

Notes
Turn   | Place    | Note
-------+----------+-------------------------------------------
     0 | D:1      | jiml777 the Deep Elf Air Elementalist began the quest for
                  | the Orb.
     0 | D:1      | Reached XP level 1. HP: 10/10 MP: 6/6
   437 | D:1      | Reached XP level 2. HP: 6/15 MP: 5/8
  1664 | D:2      | Reached XP level 3. HP: 15/19 MP: 3/9
  1849 | D:2      | Reached XP level 4. HP: 8/24 MP: 1/11
  2068 | D:2      | Found a faded altar of an unknown god.
  2489 | D:2      | Found a shimmering altar of Xom.
  2773 | D:3      | Reached XP level 5. HP: 20/28 MP: 3/13
  3216 | D:3      | Noticed Natasha
  3229 | D:3      | Killed Natasha
  3551 | D:3      | Noticed Sigmund
  3570 | D:3      | Killed from afar by Sigmund

Illustrated notes

Levels and vault maps discovered:
D:1:      grunt_arrival_crossed_arrows, layout_basic
D:2:      layout_basic, shapermc_ecumenical_altar_gd, basic_altar,
          minmay_circle_x
D:3:      kb_forest_paths, layout_rooms, uniq_sigmund, uniq_natasha

Skill      XL: |  1  2  3  4  5 |
---------------+----------------+-----
Stealth        | 3 |  3.4
Spellcasting   | 4 |  4.9
Conjurations   | 2 3 |  3.0
Dodging        | 3 |  3.1
Air Magic      | 4 |  4.2
Fighting       | |  0.3
Short Blades   | |  0.8

Action                   |  1- 3 |  4- 6 || total
-------------------------+-------+-------++-------
Melee: Dagger            |    26 |    35 ||    61
       Punch             |       |     2 ||     2
       Whip              |       |    26 ||    26
 Cast: Shock             |    54 |    39 ||    93
  Use: Scroll            |       |     7 ||     7
       Potion            |       |     3 ||     3
Armor: Robe              |     7 |    22 ||    29
Dodge: Dodged            |    27 |    37 ||    64
